 Dungeon Crawl Stone Soup version 0.27-a0-998-g4cfe56dd59 (webtiles) character file.

Game seed: 14101456135701397488

40 dickylongcocking the Magician (level 3, -1/25 HPs)
             Began as a Djinni Fire Elementalist on Apr 16, 2021.
             Slain by an adder (3 damage)
             ... on level 2 of the Dungeon.
             The game lasted 00:01:14 (2360 turns).

dickylongcocking the Magician (DjFE)                Turns: 2360, Time: 00:01:15

Health: -1/25      AC:  2    Str:  7    XL:     3   Next: 50%
Gold:   9          EV: 12    Int: 17    God:
                   SH:  0    Dex: 13

rFire    + + .     SeeInvis .   b - +0 dagger
rCold    x . .     Faith    .   (no shield)
rNeg     . . .     Spirit   .   a - +0 robe
rPois    ∞         Reflect  .   (no helmet)
rElec    .         Harm     .   (no cloak)
rCorr    .         Rampage  .   (no gloves)
Will     .....                  (boots unavailable)
Stlth    ++........             (no amulet)
HPRegen  0.08/turn              (no ring)
MPRegen  0.00/turn              (no ring)

@: flying
A: fire resistance 2, cold vulnerability 1, float, innate caster, hp casting,
extra vitality 1
a: no special abilities


You were on level 2 of the Dungeon.
You visited 1 branch of the dungeon, and saw 2 of its levels.

You collected 9 gold pieces.

Inventory:

Hand Weapons
 b - a +0 dagger (weapon)
Armour
 a - a +0 robe (worn)
Scrolls
 c - a scroll of vulnerability {unknown}
 d - 3 scrolls of identify {unknown}
 f - a scroll of magic mapping {unknown}
Potions
 e - a potion of brilliance {unknown}


   Skills:
 + Level 0.1 Fighting
 + Level 2.2 Dodging
 + Level 1.9 Stealth
 + Level 3.6 Spellcasting


You couldn't memorise any spells.
You knew the following spells:

 Your Spells              Type           Power      Damage    Failure   Level
a - Foxfire               Conj/Fire      60%        2x1d7     3%          1
b - Conjure Flame         Conj/Fire      15%        6-21      11%         3
c - Inner Flame           Hex/Fire       15%        N/A       11%         3
d - Sticky Flame          Conj/Fire      15%        2d4       36%         4
e - Fireball              Conj/Fire      7%         3d5       71%         5
f - Summon Small Mammal   Summ           60%        N/A       3%          1
Your spell library was empty.

Dungeon Overview and Level Annotations

Branches:
Dungeon (2/15)

Altars:


Innate Abilities, Weirdness & Mutations

You are immune to poison.
Your flesh is very heat resistant. (rF++)
You are vulnerable to cold. (rC-)
You float through the air rather than walking.
You learn spells naturally, not from books.
Your magical power is your life essence.
You have superior vitality. (+4 HP)


Message History

The adder bites you.
Casting: Foxfire (safe; 3% risk of failure)
Confirm with . or Enter, or press ? or * to list all spells.
You conjure some foxfire!
The adder misses you.
Unknown command.
You hit the adder.
The adder is lightly wounded.
The foxfire hits the adder.
The adder is moderately wounded.
The foxfire hits the adder.
The adder is heavily wounded.
The adder bites you but does no damage. The adder bites you.
You hit the adder.
The adder is severely wounded.
The adder bites you.
Casting: Foxfire (safe; 3% risk of failure)
Confirm with . or Enter, or press ? or * to list all spells.
You conjure some foxfire!
The adder misses you.
Unknown command.
You closely miss the adder.
The adder is severely wounded.
The foxfire hits the adder.
The adder is severely wounded.
The foxfire hits the adder.
The adder is almost dead.
The adder misses you. The adder bites you.
You miss the adder.
The adder is almost dead.
The adder barely misses you.
You miss the adder.
The adder is almost dead.
The adder barely misses you.
Casting: Foxfire (safe; 3% risk of failure)
Confirm with . or Enter, or press ? or * to list all spells.
You conjure some foxfire!
* * * LOW HITPOINT WARNING * * *
The adder bites you.
* * * LOW HITPOINT WARNING * * *
The adder bites you.
You die...

#§#P..PP#....# #.# ####
#§#PPPPP#....# #.# ... #v# #'#
#....# #.###.####.. ######.# #.#
#....####.##........
.......###.###.............######
####....†...............####
.....#######.....######.#
....##.........#v######.#
###.##.#####.#..@v......# ##.##.#
#.###S######.. ##...#<# #.# #.#
#.. .......# #.# #.# #...
##....(#####.# #.# #.#.
##.#........# #.# #.##.#######
#[# ###.##.# ..# ....##.### /###


You could see an adder (ally target).

Vanquished Creatures
  A dart slug (D:1)
  5 ball pythons
  5 bats
  3 endoplasms (D:1)
  2 giant cockroaches (D:2)
  3 goblins (D:1)
  2 hobgoblins (D:1)
  4 jackals (D:1)
  4 kobolds
  2 frilled lizards (D:1)
  2 rats (D:1)
33 creatures vanquished.

Vanquished Creatures (others)
  84 foxfires
84 creatures vanquished.

Grand Total: 117 creatures vanquished

Notes
Turn   | Place    | Note
-------+----------+-------------------------------------------
     0 | D:1      | dickylongcocking the Djinni Fire Elementalist began the
                  | quest for the Orb.
     0 | D:1      | Reached XP level 1. HP: 15/15 MP: 0/0
   236 | D:1      | Reached skill level 3 in Spellcasting
   389 | D:1      | Reached XP level 2. HP: 10/21 MP: 0/0
  1152 | D:1      | Reached XP level 3. HP: 17/25 MP: 0/0
  1152 | D:1      | Learned a level 1 spell: Summon Small Mammal
  2334 | D:2      | Found a faded altar of an unknown god.
  2360 | D:2      | Slain by an adder

Illustrated notes

Levels and vault maps discovered:
D:1:      dpeg_arrival_round_b, layout_basic
D:2:      layout_loops_ring, shapermc_ecumenical_altar_flowoftime, fountainhead

Skill      XL: |  1 |
---------------+----+-----
Spellcasting   | 3 |  3.6
Fighting       | |  0.1
Dodging        | |  2.2
Stealth        | |  1.9

Action                   || total
-------------------------++-------
Melee: Unarmed           ||     4
       Dagger            ||    33
 Cast: Foxfire           ||    63
 Stab: Sleeping          ||     3
Armor: Robe              ||    21
Dodge: Dodged            ||    62

Table legend: (Time is in decaauts)
 A = Elapsed time spent in this place.
 B = Non-inter-level travel time spent in this place.
 C = Inter-level travel time spent in this place.
 D = Time resting spent in this place.
 E = Time spent auto-exploring this place.
 F = Levels seen in this place.
 G = Mean time per level.
                   A        B        C        D        E       F      G
               +--------+--------+--------+--------+--------+-----+--------+
         Total |   2359 |   2339 |     20 |      0 |   2058 |   2 | 1179.5 |
       Dungeon |   2359 |   2339 |     20 |      0 |   2058 |   2 | 1179.5 |
               +--------+--------+--------+--------+--------+-----+--------+

Top non-repeatable levels by time:
     D:1: 1891 daAuts
     D:2: 467 daAuts
